 Dungeon Crawl Stone Soup version 0.29-a0-11-ga75d3d97ab (webtiles) character file.

Game seed: 10653222875533399836

373 oldriver the Sneak (level 6, -4/42 HPs)
             Began as an Octopode Transmuter on Jan 29, 2022.
             Was an Initiate of Ashenzari.
             Slain by a killer bee (8 damage)
             ... on level 4 of the Dungeon.
             The game lasted 00:08:40 (5270 turns).

oldriver the Sneak (Octopode Transmuter)            Turns: 5270, Time: 00:08:41

Health: -4/42      AC:  1    Str: 10    XL:     6   Next: 71%
Magic:  8/11       EV: 13    Int: 17    God:    Ashenzari [......]
Gold:   149        SH:  0    Dex: 12    Spells: 5/11 levels left

rFire   . . .      SeeInvis .     - Unarmed
rCold   . . .      Faith    .   (no shield)
rNeg    + . .      Spirit   .   (helmet currently unavailable)
rPois   .          Reflect  .   (no amulet)
rElec   .          Harm     .   a - ring of positive energy
rCorr   +          Rampage  .   e - ring of resist corrosion
Will    .....                   (no ring)
Stlth   +++.......              (no ring)
HPRegen 0.14/turn               (no ring)
MPRegen 0.12/turn               (no ring)
                                (no ring)
                                (no ring)

@: lethally poisoned (-4 -> -8), appendages (expiring), wereblooded
A: tentacle spike 3, almost no armour, amphibious, 8 rings, camouflage 1,
gelatinous body 1, (nimble swimmer 1), tentacles
a: End Transformation, Renounce Religion


You were on level 4 of the Dungeon.
You worshipped Ashenzari.
Ashenzari was noncommittal.
One of your tentacles had grown a beastly spike.
You visited 2 branches of the dungeon, and saw 6 of its levels.

You collected 149 gold pieces.

Inventory:

Hand Weapons
 g - a +2 dagger of freezing
Missiles
 f - 2 javelins
Jewellery
 a - a ring of positive energy (left tentacle)
 e - a ring of resist corrosion (right tentacle)
Scrolls
 b - 3 scrolls of teleportation
 c - a scroll of identify
 d - a scroll of fog
 h - a scroll of amnesia {unknown}
 i - a scroll of holy word
 j - 2 scrolls of immolation
Potions
 k - 2 potions of ambrosia
 l - 2 potions of cancellation


   Skills:
 + Level 3.2 Fighting
 - Level 2.0 Dodging
 + Level 4.1 Stealth
 - Level 3.0 Unarmed Combat
 + Level 3.4 Spellcasting
 + Level 3.6 Transmutations
 + Level 1.9 Poison Magic


You had 5 spell levels left.
You knew the following spells:

 Your Spells              Type           Power      Damage    Failure   Level
a - Beastly Appendage     Tmut           30%        N/A       3%          1
b - Wereblood             Tmut           15%        N/A       6%          2
c - Spider Form           Tmut/Pois      12%        N/A       16%         3

Your spell library contained the following spells:

 Spells                   Type           Power      Damage    Failure   Level
 Ensorcelled Hibernation  Hex/Ice        4%         N/A       26%         2
 Call Canine Familiar     Summ           2%         N/A       45%         3
 Portal Projectile        Hex/Tloc       4%         N/A       45%         3
 Ice Form                 Ice/Tmut       9%         N/A       61%         4
 Cause Fear               Hex            1%         N/A       86%         4
 Leda's Liquefaction      Hex/Erth       1%         N/A       86%         4


Dungeon Overview and Level Annotations

Branches:
Dungeon (5/15)             Temple (1/1) D:4

Altars:
Ashenzari
Cheibriados
Dithmenos
Elyvilon
Fedhas
Gozag
Hepliaklqana
Kikubaaqudgha
Makhleb
Nemelex Xobeh
Okawaru
Qazlal
Ru
Sif Muna
Trog
Uskayaw
Vehumet
Wu Jian
Xom
Yredelemnul
The Shining One


Innate Abilities, Weirdness & Mutations

One of your tentacles has grown a beastly spike.
You cannot wear most types of armour.
You are amphibious.
You can wear up to eight rings at the same time.
Your skin changes colour to match your surroundings (Stealth+).
Your rubbery body absorbs attacks. (AC +1, EV +1)
((You are camouflaged when in or above water. (Stealth+)))
You have tentacles for arms and can constrict up to eight enemies at once.


Message History

You constrict the killer bee.
You feel a bit better.
You kill the killer bee!
You feel sick. The killer bee stings you.
You are more poisoned.
The killer bee poisons you!
You barely miss the killer bee. Your grab misses the killer bee.
Your tentacle spike misses the killer bee.
You feel sick.
The killer bee stings you but does no damage.
The killer bee completely misses you.
Unknown command.
It was a potion of heal wounds.
You feel much better.
You feel very sick. The killer bee barely misses you.
The killer bee stings you!
You miss the killer bee. You grab the killer bee.
Your tentacle spike misses the killer bee.
Your tentacle-slap misses the killer bee.
You constrict the killer bee, but do no damage.
You feel sick. The killer bee stings you! The killer bee misses you.
You closely miss the killer bee.
You pierce the killer bee.
The killer bee is lightly wounded.
You constrict the killer bee.
You feel sick. The killer bee stings you!
* * * LOW HITPOINT WARNING * * *
The killer bee closely misses you.
Unknown command.
You barely miss the killer bee.
You tentacle-slap the killer bee, but do no damage.
You squeeze the killer bee.
The killer bee is moderately wounded.
Your transformation is almost over.
You constrict the killer bee.
* * * LOW HITPOINT WARNING * * *
You feel sick. The killer bee barely misses you.
The killer bee closely misses you.
You tentacle-slap the killer bee.
The killer bee is heavily wounded.
You constrict the killer bee.
* * * LOW HITPOINT WARNING * * *
You feel sick. The killer bee stings you!
You die...

#........#
#........#
#........#
###........#
...).......#
...........#
...........#
....##....########
....++....'....y@#
....##....###.####
....####### #.#
....##..(.# #.#
....##....#
#.#######
######....#
#.......# #....#
#######.# #....#
#># #....##### #.#


You could see a killer bee.

Vanquished Creatures
  A scorpion (D:4)
  A killer bee (D:4)
  2 orc priests
  An iguana (D:4)
  An orc wizard (D:4)
  4 adders
  An ufetubus (D:4)
  2 worms (D:2)
  2 dart slugs
  15 orcs
  7 ball pythons
  8 endoplasms
  7 giant cockroaches
  9 goblins
  8 hobgoblins
  4 jackals (D:4)
  4 quokkas
  8 bats
  4 frilled lizards
  3 kobolds
  6 rats
98 creatures vanquished.

Notes
Turn   | Place    | Note
-------+----------+-------------------------------------------
     0 | D:1      | oldriver the Octopode Transmuter began the quest for the
                  | Orb.
     0 | D:1      | Reached XP level 1. HP: 13/13 MP: 3/3
   475 | D:1      | Found a faded altar of an unknown god.
   482 | D:1      | Reached XP level 2. HP: 8/18 MP: 3/5
   802 | D:1      | Reached skill level 1 in Stealth
  1234 | D:1      | Reached XP level 3. HP: 23/23 MP: 4/6
  1480 | D:2      | Learned a level 2 spell: Wereblood
  2041 | D:2      | Reached skill level 2 in Stealth
  2155 | D:2      | Reached XP level 4. HP: 27/29 MP: 4/7
  2819 | D:3      | Reached XP level 5. HP: 28/35 MP: 5/9
  3085 | D:3      | Got the Disquisition on Beguiling
  3413 | D:3      | Reached skill level 3 in Stealth
  3567 | D:3      | Learned a level 3 spell: Spider Form
  3648 | D:4      | Found a staircase to the Ecumenical Temple.
  3738 | D:4      | Reached skill level 1 in Poison Magic
  3738 | D:4      | Reached XP level 6. HP: 39/41 MP: 6/10
  3745 | Temple   | Entered the Ecumenical Temple
  3984 | Temple   | Became a worshipper of Ashenzari the Shackled
  4716 | D:4      | Reached skill level 4 in Stealth
  4986 | D:5      | Entered Level 5 of the Dungeon
  5270 | D:4      | Slain by a killer bee

Illustrated notes

Levels and vault maps discovered:
D:1:      shiori_shiawase, layout_loops_corners,
          hellmonk_ecumenical_altar_leap_of_faith
D:2:      minmay_alternating_diamond, layout_basic
D:3:      layout_rooms
D:4:      layout_basic, minmay_temple_entry_statues_fountains
D:5:      layout_rooms, dk_noncrumbling_3, eino_small_chamber_without_monster,
          guppyfry_shop_venom
Temple:   mainiacjoe_temple_archimedes_tessellation

Skill      XL: |  1  2  3  4  5  6 |
---------------+-------------------+-----
Stealth        | 1 2 3 4 |  4.1
Fighting       | 2 3 |  3.2
Transmutations | 3 |  3.6
Spellcasting   | 3 |  3.4
Poison Magic   | 1 |  1.9
Dodging        | |  2.0
Unarmed Combat | |  3.0

Action                   |  1- 3 |  4- 6 || total
-------------------------+-------+-------++-------
Melee: Unarmed           |    78 |   130 ||   208
       Kick              |    29 |    44 ||    73
       Constrict         |    23 |    36 ||    59
       Tentacles         |    12 |    27 ||    39
       Punch             |     3 |     6 ||     9
Throw: Dart              |       |     2 ||     2
 Cast: Beastly Appendage |    32 |    30 ||    62
       Wereblood         |     1 |    32 ||    33
  Use: Scroll            |       |     9 ||     9
       Potion            |       |     1 ||     1
 Stab: Sleeping          |     9 |     5 ||    14
Armor: Skin              |    11 |    11 ||    22
Dodge: Dodged            |    43 |    93 ||   136

Table legend: (Time is in decaauts)
 A = Elapsed time spent in this place.
 B = Non-inter-level travel time spent in this place.
 C = Inter-level travel time spent in this place.
 D = Time resting spent in this place.
 E = Time spent auto-exploring this place.
 F = Levels seen in this place.
 G = Mean time per level.
                   A        B        C        D        E       F      G
               +--------+--------+--------+--------+--------+-----+--------+
         Total |   5261 |   5026 |    235 |    959 |   3147 |   6 |  876.8 |
       Dungeon |   4980 |   4786 |    194 |    959 |   2956 |   5 |  996.0 |
        Temple |    280 |    239 |     41 |      0 |    191 |   1 |  280.0 |
               +--------+--------+--------+--------+--------+-----+--------+

Top non-repeatable levels by time:
     D:1: 1466 daAuts
     D:4: 1348 daAuts
     D:2: 1264 daAuts
     D:3: 830 daAuts
  Temple: 280 daAuts
     D:5: 70 daAuts
